 Dungeon Crawl Stone Soup version 0.21.1-1-g345015f (webtiles) character file.

29 vatarom the Ruffian (level 3, 0/31 HPs)
             Began as a Naga Transmuter on May 5, 2018.
             Slain by a rat (2 damage)
             ... on level 2 of the Dungeon.
             The game lasted 00:03:48 (832 turns).

vatarom the Ruffian (Naga Transmuter)                Turns: 832, Time: 00:03:49

Health: 0/31       AC:  2    Str: 13    XL:     3   Next: 16%
Magic:  5/6        EV: 10    Int: 18    God:
Gold:   81         SH:  0    Dex: 11    Spells: 3/6 levels left

rFire    . . .     SeeInvis +     - Unarmed
rCold    . . .     Gourm    .   (no shield)
rNeg     . . .     Faith    .   b - +0 robe
rPois    +         Spirit   .   (no helmet)
rElec    .         Reflect  .   (no cloak)
rCorr    .         Harm     .   (no gloves)
MR       .....                  (no barding)
Stlth    ++........             (no amulet)
HPRegen  0.10/turn              (no ring)
MPRegen  0.10/turn              (no ring)

@: brilliant, short of breath, appendage (expiring), very slow
A: large, horns 2, see invisible, deformed body, poison resistance, slowness 2,
slow metabolism 1, spit poison 1, AC +1
a: Spit Poison, End Transformation


You were on level 2 of the Dungeon.
You were not hungry.
You had grown temporary horns.
You visited 1 branch of the dungeon, and saw 2 of its levels.

You collected 81 gold pieces.

Inventory:

Missiles
 a - 12 arrows
Armour
 b - a +0 robe (worn)
Scrolls
 f - a scroll of enchant weapon {unknown}
 h - 2 scrolls of identify {unknown}
 i - 2 scrolls of random uselessness
 j - a scroll of teleportation {unknown}
Potions
 e - a potion of curing
Books
 c - a book of Changes

   Spells                             Type                      Level
   a - Beastly Appendage              Transmutation                1
   b - Sticks to Snakes               Transmutation                2
   c - Spider Form                    Transmutation/Poison         3
   d - Ice Form                       Ice/Transmutation            4
   e - Blade Hands                    Transmutation                5
Comestibles
 d - 5 rations
 g - 2 chunks of flesh


   Skills:
 - Level 1.0 Fighting
 - Level 1.5 Dodging
 + Level 1.5 Stealth
 + Level 3.5 Unarmed Combat
 - Level 2.0 Spellcasting
 + Level 2.7 Transmutations


You had 3 spell levels left.
You knew the following spells:

 Your Spells              Type           Power        Failure   Level  Hunger
a - Beastly Appendage     Tmut           ###...       1%          1    #......
b - Sticks to Snakes      Tmut           ###.....     1%          2    ###....


Dungeon Overview and Level Annotations

Branches:
Dungeon (2/15)

Altars:


Innate Abilities, Weirdness & Mutations

You cannot wear boots.
Your serpentine skin is tough. (AC +1)
You have supernaturally acute eyesight. (SInv)
Armour fits poorly on your strangely shaped body.
Your system is resistant to poisons. (rPois)
You cover ground very slowly.
You have a slow metabolism.
You can spit poison.
You have a pair of horns on your head.


Message History

The rat bites you.
It was a potion of brilliance.
You feel clever all of a sudden.
Your transformation is almost over.
The hobgoblin hits you but does no damage.
The rat closely misses you. The worm bites you.
* * * LOW HITPOINT WARNING * * *
The rat twitches its whiskers.
Press: ? - help, Shift-Dir - straight line, f - worm
Aim: a worm The splash of poison hits the worm.
The worm is moderately wounded.
You feel slightly more hungry. The hobgoblin hits you with a club.
* * * LOW HITPOINT WARNING * * *
The rat closely misses you.
You hit the hobgoblin. Your headbutt misses the hobgoblin.
The hobgoblin is almost dead.
The hobgoblin hits you with a club.
* * * LOW HITPOINT WARNING * * *
The rat bites you.
You die...

.........# .........#
.....##### .........#
......... ...).....#
......... ####.....#
.........
#.....########........
#.....................
#.............r.......
#............@g.).....
#..........(..w.......
####..................
#..................
#######...)..............
......###################
......###### ......##...#
......##...#


You could see a worm, a hobgoblin and a rat.

Vanquished Creatures
  An adder (D:2)
  2 dart slugs (D:1)
  A leopard gecko (D:1)
  2 bats (D:1)
  A goblin (D:2)
  4 hobgoblins
  2 kobolds (D:1)
  3 rats (D:1)
16 creatures vanquished.

Notes
Turn   | Place    | Note
-------+----------+-------------------------------------------
     0 | D:1      | vatarom the Naga Transmuter began the quest for the Orb.
     0 | D:1      | Reached XP level 1. HP: 18/18 MP: 3/3
   248 | D:1      | Reached XP level 2. HP: 19/25 MP: 5/5
   305 | D:1      | Learned a level 2 spell: Sticks to Snakes
   796 | D:2      | Reached skill level 1 in Stealth
   796 | D:2      | Reached XP level 3. HP: 22/31 MP: 6/6
   832 | D:2      | Slain by a rat

Skill      XL: |  1  2 |
---------------+-------+-----
Stealth        | 1 |  1.5
Fighting       | |  1.0
Dodging        | |  1.5
Unarmed Combat | |  3.5
Spellcasting   | |  2.0
Transmutations | |  2.7

Action                   || total
-------------------------++-------
Melee: Unarmed           ||    66
       Headbutt          ||     1
 Cast: Beastly Appendage ||     2
 Abil: Spit Poison       ||     4
  Use: Scroll            ||     1
       Potion            ||     2
Armor: Robe              ||     5
Dodge: Dodged            ||    41
